 Dungeon Crawl Stone Soup version 0.32-a0-673-g3729bd50f8 (webtiles) character file.

Game seed: 5094669923732176179

640 Kaboulah the Covered (level 7, -1/61 HPs)
             Began as a Mountain Dwarf Fighter on Mar 10, 2024.
             Was a Follower of Elyvilon.
             Slain by a killer bee (6 damage)
             ... on level 5 of the Dungeon.
             The game lasted 00:32:46 (3629 turns).

Kaboulah the Covered (Mountain Dwarf Fighter)       Turns: 3629, Time: 00:32:47

Health: -1/61      AC: 15    Str: 20    XL:     7   Next: 26%
Magic:  8/8        EV:  5    Int:  9    God:    Elyvilon [*.....]
Gold:   291        SH:  4    Dex:  9    Spells: 6/6 levels left

rFire   . . .        a - +2 mace (protect)
rCold   . . .        c - +0 buckler
rNeg    . . .        j - +0 plate armour
rPois   .            n - +0 helmet
rElec   .            f - +1 cloak
rCorr   .            (no gloves)
SInv    .            (no boots)
Will    .....        (no amulet) Stlth
                     (no ring)
HPRegen 0.30/turn    (no ring)
MPRegen 0.11/turn

%: no passive effects
@: no status effects
A: runic magic, artefact enchanting
a: Renounce Religion, Purification


You were on level 5 of the Dungeon.
You worshipped Elyvilon.
Elyvilon was aware of your devotion.
You visited 1 branch of the dungeon, and saw 5 of its levels.
You also visited: Sewer.

You collected 291 gold pieces.

Inventory:

Hand Weapons
 a - a +2 mace of protection (weapon)
Armour
 c - a +0 buckler (worn)
 f - a +1 cloak (worn)
 j - a +0 plate armour (worn)
 n - a +0 helmet (worn)
Jewellery
 m - an amulet of magic regeneration
Wands
 t - a wand of mindburst (1)
 u - a wand of polymorph (15)
 v - a wand of charming (4)
Scrolls
 b - a scroll of silence {unknown}
 e - a scroll of immolation {unknown}
 g - a scroll of acquirement {unknown}
 h - a scroll of poison {unknown}
 i - a scroll of enchant weapon {unknown}
 k - 4 scrolls of teleportation
 l - 2 scrolls of blinking {unknown}
 o - a scroll of revelation {unknown}
 w - a scroll of fog {unknown}
Potions
 d - a potion of might
 p - a potion of cancellation {unknown}
 q - a potion of curing
 r - a potion of haste
 s - a potion of lignification


   Skills:
 + Level 5.2 Fighting
 - Level 4.4(4.7) Axes
 + Level 2.2(3.6) Maces & Flails
 + Level 5.3 Armour
 + Level 5.3 Shields
 + Level 2.3 Invocations


You had 6 spell levels left.
You didn't know any spells.
Your spell library contained the following spells:

 Spells                   Type           Power      Damage    Failure   Level
 Blink                    Tloc           0%         N/A       86%         2
 Lesser Beckoning         Tloc           0%         N/A       86%         2
 Momentum Strike          Conj/Tloc      0%         3d8       86%         2
 Chain Lightning          Conj/Air       0%         N/A       100%        9
 Fire Storm               Conj/Fire      0%         5d1       100%        9
 Shatter                  Erth           0%         3d5*      100%        9


Dungeon Overview and Level Annotations

Branches:
Dungeon (5/15)              Sewer (visited)
 Temple: D:4-7

Altars:
Elyvilon
Hepliaklqana
Ru


Innate Abilities, Weirdness & Mutations

Your spellcasting is much less encumbered by armour.
You can use scrolls of enchantment on lesser artefacts.


Message History

You kill the killer bee!
You feel very sick. The killer bee stings you!
You are more poisoned.
The killer bee poisons you!
You closely miss the killer bee.
You feel very sick.
The killer bee stings you but does no damage.
The killer bee barely misses you. The killer bee stings you.
You are more poisoned.
The killer bee poisons you!
You are too injured to fight recklessly!
You are too injured to fight recklessly!
You are too injured to fight recklessly!
You feel very sick. The killer bee stings you!
* * * LOW HITPOINT WARNING * * *
* * * LOW HITPOINT WARNING * * *
You feel very sick.
The killer bee attacks as it pursues you!
The killer bee stings you!
* * * LOW HITPOINT WARNING * * *
The killer bee barely misses you.
You feel better. The killer bee barely misses you. The killer bee stings you.
* * * LOW HITPOINT WARNING * * *
The killer bee stings you but does no damage.
The killer bee stings you but does no damage.
The killer bee stings you.
* * * LOW HITPOINT WARNING * * *
Things that are here:
a +0 flail; a +0 leather armour The killer bee attacks as it pursues you!
You block the killer bee's attack.
The killer bee attacks as it pursues you!
You block the killer bee's attack.
The killer bee attacks as it pursues you!
The killer bee stings you.
* * * LOW HITPOINT WARNING * * *
The killer bee stings you.
You die...

######### #.#<....#
#....##.# #.#.....#
... #.####### ...
#.......# ...
#######.# #.#
#####.# ##.#+#####
#yy@..# #.........
#.#########.........
#.).S...†...........
###########.........
.................
###########.#####
.o. .... ....


You could see 2 killer bees.

Vanquished Creatures
  A black bear (D:4)
  A crocodile (Sewer)
  A brain worm (Sewer)
  2 killer bees (D:5)
  A hound (D:4)
  A gnoll bouda (D:4)
  An orc priest (D:3)
  Ijyb (D:4)
  2 orc wizards (D:3)
  3 gnolls (D:4)
  4 adders
  A white imp (D:5)
  A dart slug (D:3)
  4 orcs
  6 endoplasms
  3 giant cockroaches (D:3)
  4 goblins
  7 hobgoblins
  7 jackals (D:2)
  3 kobolds
  6 quokkas
  7 ball pythons
  6 bats
  4 frilled lizards
  9 rats
86 creatures vanquished.

Notes
Turn   | Place    | Note
-------+----------+-------------------------------------------
     0 | D:1      | Kaboulah the Mountain Dwarf Fighter began the quest for the
                  | Orb.
     0 | D:1      | Reached XP level 1. HP: 19/19 MP: 1/1
   153 | D:1      | Reached XP level 2. HP: 19/26 MP: 2/2
   369 | D:1      | Found a faded altar of an unknown god.
   915 | D:2      | Reached XP level 3. HP: 33/33 MP: 3/3
  1388 | D:3      | Reached XP level 4. HP: 40/40 MP: 4/4
  1404 | D:3      | Found a transporter.
  1441 | D:3      | Found a glowing drain.
  1472 | Sewer    | Entered a sewer
  1484 | Sewer    | Noticed a brain worm
  1506 | Sewer    | Killed a brain worm
  1507 | Sewer    | Reached XP level 5. HP: 13/46 MP: 0/5
  1630 | Sewer    | Noticed a crocodile
  1647 | Sewer    | Killed a crocodile
  1726 | D:3      | Found a transporter.
  1859 | D:3      | Reached XP level 6. HP: 34/53 MP: 6/6
  2096 | D:3      | Found a sacrificial altar of Ru.
  2096 | D:3      | Found a white marble altar of Elyvilon.
  2101 | D:3      | Became a worshipper of Elyvilon the Healer
  2893 | D:4      | Noticed Ijyb
  2930 | D:4      | Killed Ijyb
  2931 | D:4      | Reached skill level 1 in Maces & Flails
  2931 | D:4      | Reached skill level 1 in Invocations
  2949 | D:4      | Reached skill level 5 in Armour
  2949 | D:4      | Reached skill level 5 in Shields
  3094 | D:4      | Reached skill level 5 in Fighting
  3207 | D:4      | Reached * piety under Elyvilon
  3276 | D:4      | Reached XP level 7. HP: 57/61 MP: 8/8
  3334 | D:4      | Found a hazy altar of Hepliaklqana.
  3546 | D:5      | Entered Level 5 of the Dungeon
  3629 | D:5      | Slain by a killer bee

Illustrated notes

Levels and vault maps discovered:
D:1:      dpeg_arrival_arbitrary_a, layout_basic,
          ebering_ecumenical_altar_petrified
D:2:      layout_loops_ring, chequers_serial_rivers_room_b
D:3:      gammafunk_wand_slinger, layout_rooms, nicolae_overflow_two_pavilions,
          portal_sewer_entry_f, minmay_misc_feat_encased
D:4:      layout_basic, worldfamousw_hep_ancestral_shrine,
          minmay_misc_feat_doors, minmay_misc_feat_rugged, uniq_ijyb
D:5:      layout_basic, nicolae_qazlal_general_emergency, uniq_eustachio,
          uniq_blork_the_orc

Skill      XL: |  1  2  3  4  5  6  7 |
---------------+----------------------+-----
Axes           | 3 4 |  4.4
Shields        | 4 5 |  5.3
Fighting       | 4 5 |  5.2
Armour         | 4 5 |  5.3
Maces & Flails | 1 2 |  2.2
Invocations    | 2 |  2.3

Action                     |  1- 3 |  4- 6 |  7- 9 || total
---------------------------+-------+-------+-------++-------
  Melee: War axe           |    81 |       |       ||    81
         Hand axe          |    75 |   132 |       ||   207
         Mace              |       |    90 |    19 ||   109
    Use: Scroll            |       |     4 |       ||     4
         Potion            |       |       |     1 ||     1
 Armour: Scale mail        |    45 |       |       ||    45
         Plate armour      |    84 |   197 |    41 ||   322
  Dodge: Dodged            |    41 |    42 |     9 ||    92
  Block: Buckler           |    31 |    44 |     6 ||    81

Table legend: (Time is in decaauts)
 A = Elapsed time spent in this place.
 B = Non-inter-level travel time spent in this place.
 C = Inter-level travel time spent in this place.
 D = Time resting spent in this place.
 E = Time spent auto-exploring this place.
 F = Levels seen in this place.
 G = Mean time per level.
                   A        B        C        D        E       F      G
               +--------+--------+--------+--------+--------+-----+--------+
         Total |   3729 |   3597 |    132 |    567 |   1360 |   6 |  621.5 |
       Dungeon |   3512 |   3380 |    132 |    444 |   1360 |   5 |  702.4 |
         Sewer |    216 |    216 |      0 |    123 |      0 |   1 |  216.0 |
               +--------+--------+--------+--------+--------+-----+--------+

Top non-repeatable levels by time:
     D:3: 1094 daAuts
     D:4: 919 daAuts
     D:2: 737 daAuts
     D:1: 673 daAuts
   Sewer: 216 daAuts
     D:5: 87 daAuts
